 Dungeon Crawl Stone Soup version 0.20.1-1-g8b1a95d (webtiles) character file.

65 Syndras the Cudgeler (level 4, -3/27 HPs)
             Began as a Gargoyle Gladiator on Dec 27, 2017.
             Killed by nerve-wracking pain
             ... invoked by an orc priest
              (7 damage)
             ... on level 2 of the Dungeon.
             The game lasted 00:06:17 (1502 turns).

Syndras the Cudgeler (Gargoyle Gladiator)           Turns: 1502, Time: 00:06:17

Health: -3/27      AC:  9    Str: 18    XL:     4   Next: 14%
Magic:  4/4        EV: 12    Int:  9    God:
Gold:   90         SH:  0    Dex: 11    Spells: 3/3 levels left

rFire    . . .     SeeInvis .   a - +0 flail
rCold    . . .     Gourm    .   (no shield)
rNeg     + . .     Faith    .   b - +0 leather armour
rPois    ∞         Spirit   .   l - +2 hat
rElec    +         Reflect  .   h - +0 cloak
rCorr    .         Harm     .   (no gloves)
MR       .....                  (no boots)
Stlth    +.........             (no amulet)
Regen    0.1/turn               (no ring)
MPRegen  0.1/turn               (no ring)

@: no status effects
A: negative energy resistance 1, electricity resistance, unbreathing,
petrification resistance, rot immunity, AC +3
a: no special abilities


You were on level 2 of the Dungeon.
You were very hungry.

You visited 1 branch of the dungeon, and saw 2 of its levels.

You collected 90 gold pieces.

Inventory:

Hand Weapons
 a - a +0 flail (weapon)
 o - a cursed -2 mace
Missiles
 d - 3 throwing nets (quivered)
Armour
 b - a +0 leather armour (worn)
 c - a +0 helmet
 h - a +0 cloak (worn)
 i - a cursed +0 robe
 l - a +2 hat (worn)
Scrolls
 g - 2 scrolls of blinking {unknown}
 k - 2 scrolls of magic mapping {unknown}
 p - a scroll of identify {unknown}
Potions
 e - 2 potions of curing {unknown}
 m - 2 potions of berserk rage {unknown}
 n - a potion of mutation {unknown}
 q - a potion of agility {unknown}
 r - a potion of degeneration {unknown}
Comestibles
 f - 3 bread rations
 j - 2 meat rations


   Skills:
 * Level 2.5 Fighting
 * Level 4.0 Maces & Flails
 - Level 1.9 Throwing
 * Level 0.2 Armour
 * Level 2.8 Dodging
 * Level 0.8 Unarmed Combat


You had 3 spell levels left.
You didn't know any spells.

Dungeon Overview and Level Annotations

Branches:
Dungeon (2/15)

Altars:


Innate Abilities, Weirdness & Mutations

You are resistant to torment.
Your stone body is resilient. (AC +3)
You are immune to poison.
You resist negative energy. (rN+)
You are resistant to electric shocks. (rElec)
You can survive without breathing.
You are immune to petrification.
You are immune to rotting.


Message History

You completely miss the goblin.
The goblin hits you but does no damage. x2
You closely miss the goblin. The goblin hits you but does no damage.
You hit the goblin.
The goblin is heavily wounded.
The goblin hits you but does no damage.
An orc priest comes into view. It is wielding a flail.
The orc priest shouts!
The orc priest barely misses you.
The orc priest invokes the aid of Beogh against you.
Beogh smites you! The goblin closely misses you.
The orc priest mumbles some strange prayers to Beogh against you.
Beogh smites you!
* * * LOW HITPOINT WARNING * * *
The orc priest casts a cantrip, but nothing happens.
You hit the orc priest but do no damage.
The goblin barely misses you.
The orc priest mumbles some strange prayers to Beogh against you.
Pain shoots through your body!
You die...

.....>#......#..# ##.## #..#
......#.#######.###..# ##.####
........# #.#...########.....
........# #.#.#####....######
........## #.#.P.........#
....#....# #...P.♣.PP....#####
#####..#)######..♣.♣♣♣P♣.##......
♣....#.......g.P..♣♣♣♣P.#......
♣♣...........#@o.P.PP♣..#......
♣♣#.#.......#......P♣..#......
♣..................o♣.......♣
♣#.#...<..##.......♣P.#####♣♣
#........##..........# P
##.<.....##.......P.## ♣ ♣
#.......##..........
#.......############# #########


You could see 2 orc priests and a goblin.

Vanquished Creatures
  2 adders (D:2)
  A dart slug (D:1)
  2 leopard geckos (D:2)
  2 orcs (D:2)
  4 bats
  4 giant cockroaches
  4 goblins (D:1)
  3 hobgoblins
  6 jackals
  2 frilled lizards
  4 kobolds
  4 rats
38 creatures vanquished.

Notes
Turn   | Place    | Note
-------+----------+-------------------------------------------
     0 | D:1      | Syndras the Gargoyle Gladiator began the quest for the Orb.
     0 | D:1      | Reached XP level 1. HP: 12/12 MP: 1/1
    93 | D:1      | Reached XP level 2. HP: 9/17 MP: 2/2
   564 | D:1      | Reached XP level 3. HP: 22/22 MP: 3/3
  1151 | D:2      | Reached skill level 4 in Maces & Flails
  1151 | D:2      | Reached XP level 4. HP: 9/27 MP: 4/4
  1502 | D:2      | Killed from afar by an orc priest

Skill      XL: |  1  2  3 |
---------------+----------+-----
Maces & Flails | 4 |  4.0
Fighting       | |  2.5
Throwing       | |  1.9
Armour         | |  0.2
Dodging        | |  2.8
Unarmed Combat | |  0.8

Action                   |  1- 3 |  4- 6 || total
-------------------------+-------+-------++-------
Melee: Flail             |   185 |     4 ||   189
  Eat: Chunk             |       |     1 ||     1
Armor: Leather armour    |   106 |     4 ||   110
Dodge: Dodged            |   172 |     3 ||   175
